 Dungeon Crawl Stone Soup version 0.31-a0-1019-g3dd9dd1025 (webtiles) character file.

Game seed: 4429621880947824497

571 Gumption the Conjurer (level 7, -3/50 HPs)
             Began as a Black Draconian Conjurer on Nov 17, 2023.
             Slain by a black bear (11 damage)
             ... on level 5 of the Dungeon.
             The game lasted 00:59:32 (6109 turns).

Gumption the Conjurer (Black Draconian Conjurer)    Turns: 6109, Time: 00:59:32

Health: -3/50      AC: 10    Str:  9    XL:     7   Next: 11%
Magic:  0/12       EV: 13    Int: 21    God:
Gold:   82         SH:  0    Dex: 15    Spells: 4/13 levels left

rFire   . . .        a - +1 whip (elec)
rCold   . . .        (no shield)
rNeg    . . .        (body armour unavailable)
rPois   .            (helmet restricted)
rElec   +            g - +0 cloak
rCorr   .            r - +2 pair of gloves
SInv    .            (no boots)
Will    .....        (no amulet)
Stlth   ++           y - +6 ring of dexterity
HPRegen 0.28/turn    (no ring)
MPRegen 0.13/turn

%: no passive effects
@: very slightly contaminated
A: breathe lightning, AC +6, unfitting armour, electricity resistance,
cold-blooded
a: Breathe Lightning


You were on level 5 of the Dungeon.
You visited 1 branch of the dungeon, and saw 5 of its levels.
You also visited: Sewer.

You collected 187 gold pieces.
You spent 105 gold pieces at shops.

Inventory:

Hand Weapons
 a - a +1 whip of electrocution (weapon)
 b - a +0 dagger of venom
 c - a +0 dagger
Missiles
 e - 19 poisoned darts (quivered)
 s - 57 stones
Armour
 g - a +0 cloak (worn)
 r - a +2 pair of gloves (worn)
Jewellery
 y - a +6 ring of dexterity (left hand)
Wands
 t - a wand of charming (21)
Scrolls
 d - a scroll of vulnerability {unknown}
 h - a scroll of enchant weapon {unknown}
 l - a scroll of noise {unknown}
 m - a scroll of revelation {unknown}
 n - 2 scrolls of fog
 u - a scroll of identify {unknown}
 x - 2 scrolls of teleportation {unknown}
Potions
 f - 3 potions of might {unknown}
 i - a potion of invisibility {unknown}
 j - a potion of magic
 k - 3 potions of curing
 o - 2 potions of haste {unknown}
 p - 2 potions of degeneration {unknown}
 q - a potion of cancellation {unknown}
 v - a potion of lignification {unknown}
 w - a potion of berserk rage
 z - a potion of heal wounds {unknown}


   Skills:
 + Level 3.6 Dodging
 - Level 1.7 Stealth
 + Level 3.7 Spellcasting
 * Level 6.5 Conjurations
 + Level 1.5 Earth Magic


You had 4 spell levels left.
You knew the following spells:

 Your Spells              Type           Power      Damage    Failure   Level
a - Magic Dart            Conj           100%       1d8       1%          1
b - Searing Ray           Conj           62%        2d6       1%          2
c - Dazzling Flash        Conj/Hex       34%        N/A       10%         3
d - Stone Arrow           Conj/Erth      42%        3d9       7%          3

Your spell library contained the following spells:

 Spells                   Type           Power      Damage    Failure   Level
 Fulminant Prism          Conj/Hex       8%         3d6       32%         4
 Iskenderun's Mystic Bla  Conj/Tloc      17%        2d5       32%         4
 Lehudib's Crystal Spear  Conj/Erth      10%        10d4      100%        8
 Animate Armour           Summ/Erth      Unusable   N/A       N/A         4

Dungeon Overview and Level Annotations

Branches:
Dungeon (5/15)              Sewer (visited)
 Temple: D:4-7

Altars:
Fedhas
Gozag

Shops:
D:3 [=*[=


Innate Abilities, Weirdness & Mutations

You can breathe wild blasts of lightning.
Your glossy black scales are hard. (AC +6)
You cannot fit into any form of body armour.
You are resistant to electric shocks. (rElec)
You are cold-blooded and may be slowed by cold attacks.


Message History

Confirm with . or Enter, or press ? or * to list all spells.
Aiming: Magic Dart (safe; 1% risk of failure)
Press: ? - help, Shift-Dir - straight line, f/p - black bear
Aim: a black bear (severely wounded, berserk, poisoned, 100% to hit)
The magic dart hits the black bear.
The black bear is almost dead.
The black bear barely misses you. x2
The black bear claws you but does no damage.
Casting: Magic Dart (safe; 1% risk of failure)
Confirm with . or Enter, or press ? or * to list all spells.
Aiming: Magic Dart (safe; 1% risk of failure)
Press: ? - help, Shift-Dir - straight line, f/p - black bear
Aim: a black bear (almost dead, berserk, poisoned, 100% to hit)
The magic dart hits the black bear.
The black bear is almost dead.
The black bear misses you. The black bear claws you.
* * * LOW HITPOINT WARNING * * *
The black bear misses you.
The black bear bites you but does no damage.
The black bear claws you.
* * * LOW HITPOINT WARNING * * *
The black bear claws you but does no damage.
You barely miss the black bear. You tail-slap the black bear.
The black bear is almost dead.
The black bear looks more healthy.
The black bear barely misses you.
The black bear claws you but does no damage.
The black bear claws you.
* * * LOW HITPOINT WARNING * * *
You barely miss the black bear. You tail-slap the black bear.
The black bear is almost dead.
The black bear completely misses you. The black bear barely misses you.
The black bear claws you.
* * * LOW HITPOINT WARNING * * *
The black bear bites you.
* * * LOW HITPOINT WARNING * * *
The black bear misses you. The black bear closely misses you.
You barely miss the black bear.
The black bear is almost dead.
The black bear bites you!
You die...

### #### .. ..# .# .# #
####.####.####.##
(####.##.##.##..........
#((...h@..†......##.#.#
.####.##.##.###.......#
# ......# #.#.#.###.
######## #..#..# #.
#.#.#####. ##.........
#######..........
#.....#..........
####.....#..........


You could see a black bear (berserk).

Vanquished Creatures
  Pargi (Sewer)
  Blork the orc (D:5)
  A scorpion (D:5)
  A hound (D:4)
  An orc priest (D:4)
  An iguana (D:4)
  4 gnolls (D:3)
  6 adders
  A river rat (D:4)
  2 worms
  4 dart slugs
  10 orcs
  11 ball pythons
  12 bats
  14 endoplasms
  9 giant cockroaches
  5 goblins
  10 hobgoblins
  21 jackals
  3 quokkas
  3 frilled lizards
  9 kobolds
  5 rats
135 creatures vanquished.

Notes
Turn   | Place    | Note
-------+----------+-------------------------------------------
     0 | D:1      | Gumption the Draconian Conjurer began the quest for the
                  | Orb.
     0 | D:1      | Reached XP level 1. HP: 14/14 MP: 3/3
   342 | D:1      | Reached XP level 2. HP: 20/20 MP: 3/5
   366 | D:1      | Learned a level 2 spell: Searing Ray
  1009 | D:1      | Reached XP level 3. HP: 26/26 MP: 2/6
  1511 | D:1      | Learned a level 3 spell: Dazzling Flash
  1854 | D:2      | Reached XP level 4. HP: 33/33 MP: 1/7
  2268 | D:2      | Reached skill level 5 in Conjurations
  2775 | D:3      | Found Vack's Jewellery Shop.
  2895 | D:3      | Found Elemuem's Armour Emporium.
  3079 | D:3      | Found a blossoming altar of Fedhas.
  3331 | D:3      | Found Temacus's General Store.
  3369 | D:3      | Bought a potion of curing for 42 gold pieces
  3530 | D:3      | Found Qout's Jewellery Shop.
  3537 | D:3      | Reached XP level 5. HP: 38/38 MP: 6/9
  3567 | D:3      | Learned a level 3 spell: Stone Arrow
  3622 | D:3      | Found Nidoahit's Armour Shoppe.
  3627 | D:3      | Bought a +0 pair of gloves for 63 gold pieces
  4410 | D:4      | Found an opulent altar of Gozag.
  4681 | D:4      | Reached skill level 1 in Earth Magic
  4835 | D:4      | Found a glowing drain.
  4859 | Sewer    | Entered a sewer
  4967 | Sewer    | Noticed Pargi
  4974 | Sewer    | Killed Pargi
  4975 | Sewer    | Reached skill level 6 in Conjurations
  4975 | Sewer    | Reached XP level 6. HP: 42/45 MP: 2/11
  5797 | D:5      | Entered Level 5 of the Dungeon
  5900 | D:5      | Noticed Blork the orc
  5920 | D:5      | Killed Blork the orc
  6047 | D:5      | Your scales start taking on a glossy black colour.
  6047 | D:5      | Reduced skill Earth Magic to level 1
  6047 | D:5      | Reached XP level 7. HP: 50/50 MP: 7/12
  6047 | D:5      | Gained mutation: You are resistant to electric shocks.
                  | (rElec) [Black Draconian growth]
  6109 | D:5      | Slain by a black bear

Illustrated notes

Levels and vault maps discovered:
D:1:      minmay_arrival_stair_chambers, layout_basic
D:2:      minmay_spotlight, layout_basic
D:3:      minmay_octagon_keep, layout_loops_ring, lemuel_round_altar,
          serial_shops, nicolae_shop_tiny_waterfront,
          nicolae_shop_tiny_statue_garden, nicolae_shop_rolling_square,
          nicolae_shop_statue_plus, shop
D:4:      layout_basic, grunt_gozag_statues, portal_sewer_entry_b,
          chequers_serial_rivers_room_a, kennysheep_generic_room_9
D:5:      layout_loops_cross, uniq_blork_the_orc

Skill      XL: |  1  2  3  4  5  6 |
---------------+-------------------+-----
Dodging        | 2 3 |  3.6
Conjurations   | 5 6 |  6.5
Spellcasting   | 3 |  3.7
Earth Magic    | 1 1 |  1.5
Stealth        | |  1.7

Action                     |  1- 3 |  4- 6 |  7- 9 || total
---------------------------+-------+-------+-------++-------
  Melee: Unarmed           |     6 |       |       ||     6
         Tailslap          |     2 |    10 |     2 ||    14
         Dagger            |     6 |    27 |       ||    33
         Whip              |       |    76 |     3 ||    79
  Throw: Dart              |     1 |     9 |     3 ||    13
   Cast: Magic Dart        |    70 |   119 |     2 ||   191
         Searing Ray       |     4 |    16 |     1 ||    21
         Stone Arrow       |       |     4 |     1 ||     5
    Use: Scroll            |       |     1 |       ||     1
   Stab: Sleeping          |       |     1 |       ||     1
 Armour: Skin              |    26 |   102 |    17 ||   145
  Dodge: Dodged            |    30 |   115 |    14 ||   159

Table legend: (Time is in decaauts)
 A = Elapsed time spent in this place.
 B = Non-inter-level travel time spent in this place.
 C = Inter-level travel time spent in this place.
 D = Time resting spent in this place.
 E = Time spent auto-exploring this place.
 F = Levels seen in this place.
 G = Mean time per level.
                   A        B        C        D        E       F      G
               +--------+--------+--------+--------+--------+-----+--------+
         Total |   6118 |   6118 |      0 |   2113 |    369 |   6 | 1019.7 |
       Dungeon |   5889 |   5889 |      0 |   1980 |    369 |   5 | 1177.8 |
         Sewer |    228 |    228 |      0 |    133 |      0 |   1 |  228.0 |
               +--------+--------+--------+--------+--------+-----+--------+

Top non-repeatable levels by time:
     D:3: 1907 daAuts
     D:1: 1511 daAuts
     D:4: 1196 daAuts
     D:2: 960 daAuts
     D:5: 313 daAuts
   Sewer: 228 daAuts
